 Dungeon Crawl Stone Soup version 0.19-a0-1210-g5c1aa26 (webtiles) character file.

144 Duffy the Slasher (level 5, -5/47 HPs)
             Began as a Minotaur Gladiator on Aug 22, 2016.
             Killed by divine providence
             ... invoked by an orc priest
              (10 damage)
             ... on level 3 of the Dungeon.
             The game lasted 00:02:00 (2409 turns).

Duffy the Slasher (Minotaur Gladiator)              Turns: 2409, Time: 00:02:00

Health: -5/47      AC:  8    Str: 20    XL:     5   Next: 5%
Magic:  4/4        EV:  9    Int:  5    God:
Gold:   161        SH:  0    Dex: 11    Spells: 0 memorised, 4 levels left

rFire  . . .     SeeInvis .     a - +0 long sword
rCold  . . .     Gourm    .     v - +0 chain mail
rNeg   . . .     Faith    .     (no shield)
rPois  .         Spirit   .     c - +0 hat
rElec  .         Dismiss  .     (no cloak)
rCorr  .         Reflect  .     (no gloves)
MR     .....     Harm     .     (no boots)
Stlth  ..........               (no amulet)
                                (no ring)
                                (no ring)

@: no status effects
A: retaliatory headbutt, horns 2
a: no special abilities


You were on level 3 of the Dungeon.
You were not hungry.

You visited 1 branch of the dungeon, and saw 3 of its levels.

You collected 161 gold pieces.

Inventory:

Hand Weapons
 a - a +0 long sword (weapon)
Missiles
 d - 3 throwing nets (quivered)
Armour
 c - a +0 hat (worn)
 e - a +0 ring mail
 u - a +0 scale mail
 v - a +0 chain mail (worn)
Scrolls
 b - 5 scrolls of remove curse {unknown}
 g - 2 scrolls of random uselessness {unknown}
 l - a scroll of amnesia {unknown}
 n - 2 scrolls of identify {unknown}
 o - a scroll of magic mapping {unknown}
 q - 2 scrolls of teleportation {unknown}
Potions
 h - a potion of heal wounds {unknown}
 i - a potion of cure mutation {unknown}
 j - 2 potions of haste {unknown}
 k - 2 potions of degeneration {unknown}
 m - a potion of flight {unknown}
 p - a potion of magic {unknown}
 r - a potion of invisibility {unknown}
 s - a potion of curing {unknown}
Comestibles
 f - a bread ration


   Skills:
 + Level 4.3 Fighting
 + Level 4.6 Long Blades
 - Level 2.0 Throwing
 + Level 4.6 Dodging


You had 4 spell levels left.
You didn't know any spells.

Dungeon Overview and Level Annotations

Branches:
Dungeon (3/15)

Altars:


Innate Abilities, Weirdness & Mutations

You reflexively headbutt those who attack you in melee.
You have a pair of horns on your head.


Message History

The orc priest is heavily wounded.
The orc priest barely misses you.
You riposte.
You barely miss the orc priest.
The orc priest is heavily wounded.
You hit the orc priest but do no damage.
The orc priest is heavily wounded.
The orc hits you.
The orc priest mumbles some strange prayers to Beogh against you.
Beogh smites you!
You hit the orc priest but do no damage.
Your headbutt misses the orc priest.
The orc priest is heavily wounded.
The orc closely misses you.
The orc priest hits you but does no damage.
The orc hits you but does no damage.
You closely miss the orc priest.
You headbutt the orc priest, but do no damage.
The orc priest is heavily wounded.
The orc priest mumbles some strange prayers to Beogh against you.
Beogh smites you!
You die...

..##............###
.........#o#.#....#
.o...#..o......##o#
######...#.#.#.##.##
#.............##..#
#####+###.#######o#
#..# #.# ...## ###.#
.... ##@#.# (.....
####.oo.# ......
+.......## ......
####.....##
######...(.#
#..........#
#.#.#.#.#..# #+
#.........## #.
#.#.#.#.#.#


You could see an orc priest and an orc.

Vanquished Creatures
  Jessica (D:2)
  Terence (D:2)
  A gnoll (D:1)
  3 adders (D:2)
  A worm (D:2)
  A dart slug (D:2)
  A giant gecko (D:1)
  7 orcs (D:3)
  7 bats
  A giant cockroach (D:2)
  5 hobgoblins
  4 jackals (D:2)
  2 giant newts
  3 goblins
  5 kobolds
  2 rats (D:2)
45 creatures vanquished.

Notes
Turn   | Place    | Note
-------+----------+-------------------------------------------
     0 | D:1      | Duffy the Minotaur Gladiator began the quest for the Orb.
     0 | D:1      | Reached XP level 1. HP: 18/18 MP: 0/0
   249 | D:1      | Reached XP level 2. HP: 25/25 MP: 1/1
   750 | D:2      | Reached XP level 3. HP: 20/31 MP: 2/2
  1272 | D:2      | Noticed Jessica
  1276 | D:2      | Killed Jessica
  1276 | D:2      | Reached XP level 4. HP: 40/40 MP: 3/3
  1639 | D:2      | Noticed Terence
  1663 | D:2      | Killed Terence
  2148 | D:3      | Reached XP level 5. HP: 27/46 MP: 4/4
  2409 | D:3      | Killed from afar by an orc priest

Vault maps used:
D:1:      dpeg_arrival_simpleton_c, grunt_decor_one_mirror,
          roderic_roman_lattice
D:2:      uniq_jessica, uniq_terence
D:3:      gammafunk_temple_overflow_statue, serial_glass, glass_columns_b,
          glass_columns_b, glass_columns_a, glass_columns_c, glass_columns_a,
          glass_columns_a, minmay_strange_pillars, item_on_display_a,
          fountainhead

Skill      XL: |  1  2  3  4 |
---------------+-------------+-----
Fighting       | 3 4 |  4.3
Long Blades    | 4 |  4.6
Dodging        | 4 |  4.6
Throwing       | |  2.0

Action                   |  1- 3 |  4- 6 || total
-------------------------+-------+-------++-------
Melee: Long sword        |    49 |   101 ||   150
       Headbutt          |     7 |    17 ||    24
  Eat: Chunk             |     1 |     4 ||     5
Armor: Ring mail         |    10 |    11 ||    21
       Scale mail        |       |    10 ||    10
       Chain mail        |       |     8 ||     8
Dodge: Dodged            |    28 |    58 ||    86
